| TOP OF THE 1ST |
|
Tri-City ValleyCats batting - Pitching for Everett AquaSox : RHP Josh Newell
|
|
Pitching: RHP Josh Newell
|
|
|
Batting: LHB Josh Corkery
|
0-0: Ball 1-0: Foul Ball, location: 2F 1-1: Foul Ball, location: 2F 1-2: Strikes out swinging
|
|
Batting: RHB Drew Coleman
|
0-0: Ball 1-0: Ball 2-0: Called Strike 2-1: Foul Ball, location: 2F 2-2: Foul Ball, location: 2F 2-2: Ball 3-2: Strikes out swinging
|
|
Batting: RHB Andrew Pride
|
0-0: Foul Ball, location: 2F 0-1: Ground out 6-3 (Groundball, 56, EV 83.8 MPH)
|
| Top of the 1st over - 0 runs, 0 hits, 0 errors, 0 left on base; Tri-City 0 - Everett 0 |
| BOTTOM OF THE 1ST |
|
Everett AquaSox batting - Pitching for Tri-City ValleyCats : RHP Jaquan Alston
|
|
Pitching: RHP Jaquan Alston
|
|
|
Batting: RHB Mike Conaway
|
0-0: Ball 1-0: Ball 2-0: Foul Ball, location: 2F 2-1: Ball 3-1: Base on Balls
|
|
Batting: RHB Enrique Valdez
|
0-0: SINGLE (Line Drive, 89M, EV 94.4 MPH) Mike Conaway to second
|
|
Batting: SHB Hatsuo Miura
|
0-0: Ball 1-0: Fly out, F9 (Flyball, 9, EV 88.8 MPH)
|
|
Batting: LHB Taki Matsui
|
0-0: Called Strike 0-1: Ground out 3-1 (Groundball, 13, EV 81.2 MPH) Mike Conaway to third Enrique Valdez to second
|
|
Batting: SHB Charlie Diesel
|
0-0: Fly out, F7 (Flyball, 78D, EV 86.2 MPH)
|
| Bottom of the 1st over - 0 runs, 1 hit, 0 errors, 2 left on base; Tri-City 0 - Everett 0 |
| TOP OF THE 2ND |
|
Tri-City ValleyCats batting - Pitching for Everett AquaSox : RHP Josh Newell
|
|
Batting: SHB Chris Keziah
|
0-0: Foul Ball, location: 2F 0-1: Called Strike 0-2: Strikes out looking
|
|
Batting: LHB Lou Toth
|
0-0: Ground out U3 (Groundball, 34, EV 105.0 MPH)
|
|
Batting: RHB Nate Britton
|
0-0: Ball 1-0: Called Strike 1-1: Ground out 2-3 (Groundball, 13S, EV 68.1 MPH)
|
| Top of the 2nd over - 0 runs, 0 hits, 0 errors, 0 left on base; Tri-City 0 - Everett 0 |
| BOTTOM OF THE 2ND |
|
Everett AquaSox batting - Pitching for Tri-City ValleyCats : RHP Jaquan Alston
|
|
Batting: LHB Josh Kirk
|
0-0: Ball 1-0: Foul Ball, location: 2F 1-1: Ball 2-1: Called Strike 2-2: Foul Ball, location: 2F 2-2: Strikes out swinging
|
|
Batting: LHB Justin Long
|
0-0: Ball 1-0: Called Strike 1-1: Ball 2-1: Foul Ball, location: 2F 2-2: DOUBLE (Line Drive, 78XD, EV 105.0 MPH)
|
|
Batting: RHB Ben Herman
|
0-0: Called Strike 0-1: Ball 1-1: Reached on error, E3 (Groundball, 34, EV 86.9 MPH) Justin Long to third
|
|
Batting: LHB Addisu Nyamekye
|
0-0: Called Strike 0-1: Swinging Strike 0-2: Ball 1-2: Foul Ball, location: 2F 1-2: Ball 2-2: Ball 3-2: Strikes out swinging
|
|
Batting: RHB Mike Conaway
|
0-0: Ball Balk! Justin Long scores Ben Herman to second 1-0: Ball 2-0: Foul Ball, location: 2F 2-1: Ball 3-1: Foul Ball, location: 2F 3-2: Fly out, F7 (Flyball, 7, EV 86.2 MPH)
|
| Bottom of the 2nd over - 1 run, 1 hit, 1 error, 1 left on base; Tri-City 0 - Everett 1 |
| TOP OF THE 3RD |
|
Tri-City ValleyCats batting - Pitching for Everett AquaSox : RHP Josh Newell
|
|
Batting: RHB Chris Miller
|
0-0: Called Strike 0-1: Ball 1-1: Foul Ball, location: 2F 1-2: SINGLE (Groundball, 56S, EV 94.4 MPH)
|
|
Batting: RHB To-wai Chen
|
0-0: Ball 1-0: Fielders Choice at 2nd, 6-4 (Groundball, 6, EV 88.1 MPH)
|
|
Batting: RHB Ruben Pujols
|
0-0: Foul Ball, location: 2F 0-1: Fielders Choice at 2nd, 1-6 (Groundball, 34S, EV 63.1 MPH)
|
|
Batting: LHB Josh Corkery
|
0-0: Called Strike 0-1: Ball 1-1: Foul Ball, location: 2F 1-2: Foul Ball, location: 2F 1-2: Foul Ball, location: 2F 1-2: Ball 2-2: Strikes out swinging
|
| Top of the 3rd over - 0 runs, 1 hit, 0 errors, 1 left on base; Tri-City 0 - Everett 1 |
| BOTTOM OF THE 3RD |
|
Everett AquaSox batting - Pitching for Tri-City ValleyCats : RHP Jaquan Alston
|
|
Batting: RHB Enrique Valdez
|
0-0: Ball 1-0: Fly out, F1 (Line Drive, P, EV 73.1 MPH)
|
|
Batting: SHB Hatsuo Miura
|
0-0: Called Strike 0-1: Ball 1-1: Hit by Pitch
|
|
Batting: LHB Taki Matsui
|
0-0: Ball 1-0: Swinging Strike 1-1: Swinging Strike 1-2: Strikes out swinging
|
|
Batting: SHB Charlie Diesel
|
0-0: Foul Ball, location: 2F 0-1: Swinging Strike 0-2: Strikes out looking
|
| Bottom of the 3rd over - 0 runs, 0 hits, 0 errors, 1 left on base; Tri-City 0 - Everett 1 |
| TOP OF THE 4TH |
|
Tri-City ValleyCats batting - Pitching for Everett AquaSox : RHP Josh Newell
|
|
Batting: RHB Drew Coleman
|
0-0: Ball 1-0: Ball 2-0: Foul Ball, location: 2F 2-1: Ball 3-1: Called Strike 3-2: Strikes out swinging
|
|
Batting: RHB Andrew Pride
|
0-0: Ground out 4-3 (Groundball, 4, EV 84.4 MPH)
|
|
Batting: SHB Chris Keziah
|
0-0: Called Strike 0-1: Called Strike 0-2: Ball 1-2: Strikes out swinging passed ball, reaches first!
|
|
Batting: LHB Lou Toth
|
0-0: Ball Chris Keziah steals 2nd base 1-0: Ball 2-0: Fly out, F9 (Flyball, 9S, EV 95.6 MPH)
|
| Top of the 4th over - 0 runs, 0 hits, 0 errors, 1 left on base; Tri-City 0 - Everett 1 |
| BOTTOM OF THE 4TH |
|
Everett AquaSox batting - Pitching for Tri-City ValleyCats : RHP Jaquan Alston
|
|
Batting: LHB Josh Kirk
|
0-0: Called Strike 0-1: Ball 1-1: Ball 2-1: Ground out 6-3 (Groundball, 6, EV 85.0 MPH)
|
|
Batting: LHB Justin Long
|
0-0: Called Strike 0-1: Foul Ball, location: 2F 0-2: Strikes out swinging
|
|
Batting: RHB Ben Herman
|
0-0: Foul Ball, location: 2F 0-1: Ground out U3 (Groundball, 34S, EV 83.8 MPH)
|
| Bottom of the 4th over - 0 runs, 0 hits, 0 errors, 0 left on base; Tri-City 0 - Everett 1 |
| TOP OF THE 5TH |
|
Tri-City ValleyCats batting - Pitching for Everett AquaSox : RHP Josh Newell
|
|
Batting: RHB Nate Britton
|
0-0: Foul Ball, location: 2F 0-1: Foul Ball, location: 2F 0-2: Strikes out looking
|
|
Batting: RHB Chris Miller
|
0-0: Foul Ball, location: 2F 0-1: Ground out 2-3 (Groundball, 2L, EV 64.4 MPH)
|
|
Batting: RHB To-wai Chen
|
0-0: Ball 1-0: Foul Ball, location: 2F 1-1: Ball 2-1: Foul Ball, location: 2F 2-2: Foul Ball, location: 2F 2-2: Ball 3-2: Fly out, F5 (Popup, 25F, EV 93.1 MPH)
|
| Top of the 5th over - 0 runs, 0 hits, 0 errors, 0 left on base; Tri-City 0 - Everett 1 |
| BOTTOM OF THE 5TH |
|
Everett AquaSox batting - Pitching for Tri-City ValleyCats : RHP Jaquan Alston
|
|
Batting: LHB Addisu Nyamekye
|
0-0: Called Strike 0-1: SINGLE (Groundball, 34D, EV 95.0 MPH)
|
|
Batting: RHB Mike Conaway
|
0-0: Swinging Strike 0-1: Foul Ball, location: 2F 0-2: Ball 1-2: Foul Ball, location: 2F 1-2: Ground out 5-3 (Groundball, 5, EV 83.8 MPH) Addisu Nyamekye to second
|
|
Batting: RHB Enrique Valdez
|
0-0: Ball 1-0: DOUBLE (Line Drive, 9LM, EV 103.8 MPH) Addisu Nyamekye scores
|
|
Batting: SHB Hatsuo Miura
|
0-0: Called Strike 0-1: Fly out, F8 (Line Drive, 8RD, EV 102.5 MPH)
|
|
Batting: LHB Taki Matsui
|
0-0: Ball 1-0: Ball 2-0: Ball 3-0: Called Strike 3-1: Base on Balls
|
|
Batting: SHB Charlie Diesel
|
0-0: Fly out, F9 (Line Drive, 9S, EV 94.4 MPH)
|
| Bottom of the 5th over - 1 run, 2 hits, 0 errors, 2 left on base; Tri-City 0 - Everett 2 |
| TOP OF THE 6TH |
|
Tri-City ValleyCats batting - Pitching for Everett AquaSox : RHP Josh Newell
|
|
Batting: RHB Ruben Pujols
|
0-0: SOLO HOME RUN (Flyball, 78XD, EV 103.8 MPH), Distance : 396 ft
|
|
Batting: LHB Josh Corkery
|
0-0: Called Strike 0-1: Fly out, F4 (Line Drive, 4M, EV 64.4 MPH)
|
|
Batting: RHB Drew Coleman
|
0-0: Swinging Strike 0-1: Ground out 4-3 (Groundball, 34, EV 90.6 MPH)
|
|
Batting: RHB Andrew Pride
|
0-0: Ball 1-0: Foul Ball, location: 2F 1-1: Ball 2-1: Foul Ball, location: 2F 2-2: Strikes out swinging
|
| Top of the 6th over - 1 run, 1 hit, 0 errors, 0 left on base; Tri-City 1 - Everett 2 |
| BOTTOM OF THE 6TH |
|
Everett AquaSox batting - Pitching for Tri-City ValleyCats : RHP Jaquan Alston
|
|
Batting: LHB Josh Kirk
|
0-0: Foul Ball, location: 2F 0-1: Called Strike 0-2: Ball 1-2: Strikes out looking
|
|
Batting: LHB Justin Long
|
0-0: Swinging Strike 0-1: Foul Ball, location: 2F 0-2: Strikes out swinging
|
|
Batting: RHB Ben Herman
|
0-0: Ball 1-0: Ball 2-0: SINGLE (Groundball, 34D, EV 96.2 MPH)
|
|
Batting: LHB Addisu Nyamekye
|
0-0: Foul Ball, location: 2F 0-1: Called Strike 0-2: Ball 1-2: SINGLE (Groundball, 6, EV 96.9 MPH) Ben Herman to second Ben Herman to third
|
|
Pitching: RHP Chris Miles
|
|
|
Batting: RHB Mike Conaway
|
0-0: SINGLE (Groundball, 6S, EV 99.4 MPH) Ben Herman scores Addisu Nyamekye to second Runner from 2nd tries for 3rd, SAFE, throw by CF made to third
|
|
Batting: RHB Enrique Valdez
|
0-0: Ball 1-0: Ground out 4-3 (Groundball, 4, EV 90.0 MPH)
|
| Bottom of the 6th over - 1 run, 3 hits, 0 errors, 2 left on base; Tri-City 1 - Everett 3 |
| TOP OF THE 7TH |
|
Tri-City ValleyCats batting - Pitching for Everett AquaSox : RHP Josh Newell
|
|
Batting: SHB Chris Keziah
|
0-0: Called Strike 0-1: Ball 1-1: Ball 2-1: Foul Ball, location: 2F 2-2: Strikes out swinging
|
|
Pitching: RHP Matt Lane
|
|
|
Batting: LHB Lou Toth
|
0-0: Ground out 5-3 (Groundball, 5, EV 85.6 MPH)
|
|
Batting: RHB Nate Britton
|
0-0: Ball 1-0: Ball 2-0: Called Strike 2-1: Swinging Strike 2-2: Foul Ball, location: 2F 2-2: Ball 3-2: DOUBLE (Flyball, 8LXD, EV 105.6 MPH)
|
|
Batting: RHB Chris Miller
|
0-0: Ball Balk! Nate Britton to third 1-0: Foul Ball, location: 2F 1-1: Ball 2-1: Foul Ball, location: 2F 2-2: Strikes out swinging
|
| Top of the 7th over - 0 runs, 1 hit, 0 errors, 1 left on base; Tri-City 1 - Everett 3 |
| BOTTOM OF THE 7TH |
|
Everett AquaSox batting - Pitching for Tri-City ValleyCats : RHP Chris Miles
|
|
Batting: SHB Hatsuo Miura
|
0-0: Called Strike 0-1: Called Strike 0-2: Strikes out swinging
|
|
Batting: LHB Taki Matsui
|
0-0: Foul Ball, location: 2F 0-1: Foul Ball, location: 2F 0-2: Strikes out swinging
|
|
Batting: SHB Charlie Diesel
|
0-0: Ball 1-0: Ball 2-0: Called Strike 2-1: Called Strike 2-2: Ground out 5-3 (Groundball, 56S, EV 86.9 MPH)
|
| Bottom of the 7th over - 0 runs, 0 hits, 0 errors, 0 left on base; Tri-City 1 - Everett 3 |
| TOP OF THE 8TH |
|
Tri-City ValleyCats batting - Pitching for Everett AquaSox : RHP Matt Lane
|
|
Batting: RHB To-wai Chen
|
0-0: Ball 1-0: Ball 2-0: Swinging Strike 2-1: DOUBLE (Line Drive, 78D, EV 104.4 MPH)
|
|
Batting: RHB Ruben Pujols
|
0-0: Ground out 6-3 (Groundball, 6, EV 86.2 MPH) To-wai Chen to third
|
|
Batting: LHB Josh Corkery
|
0-0: Called Strike 0-1: Called Strike 0-2: Ball 1-2: Ball 2-2: Ball 3-2: Foul Ball, location: 2F 3-2: Base on Balls
|
|
Batting: RHB Drew Coleman
|
0-0: Ball 1-0: Called Strike 1-1: Swinging Strike 1-2: Fly out, F7 (Flyball, 7, EV 85.6 MPH)
|
|
Batting: RHB Andrew Pride
|
0-0: Ball 1-0: Swinging Strike 1-1: Ball 2-1: Swinging Strike 2-2: Foul Ball, location: 2F 2-2: Ball 3-2: Base on Balls Josh Corkery to second
|
|
Pitching: RHP Rob Henry
|
|
|
Batting: SHB Chris Keziah
|
0-0: Swinging Strike 0-1: Ball 1-1: Called Strike 1-2: Ball 2-2: Strikes out swinging
|
| Top of the 8th over - 0 runs, 1 hit, 0 errors, 3 left on base; Tri-City 1 - Everett 3 |
| BOTTOM OF THE 8TH |
|
Everett AquaSox batting - Pitching for Tri-City ValleyCats : RHP Chris Miles
|
|
Batting: LHB Josh Kirk
|
0-0: Foul Ball, location: 2F 0-1: Foul Ball, location: 2F 0-2: Ball 1-2: Ball 2-2: Strikes out looking
|
|
Batting: LHB Justin Long
|
0-0: Ball 1-0: Foul Ball, location: 2F 1-1: Foul Ball, location: 2F 1-2: Ball 2-2: Ball 3-2: SINGLE (Groundball, 4MD, EV 100.0 MPH)
|
|
Batting: RHB Ben Herman
|
0-0: Fielders Choice at 2nd, 4-6 (Groundball, 4M, EV 83.1 MPH)
|
|
Batting: LHB Addisu Nyamekye
|
0-0: Called Strike 0-1: Swinging Strike 0-2: Foul Ball, location: 2F 0-2: SINGLE (Flyball, 4MD, EV 85.6 MPH) Ben Herman to second
|
|
Batting: RHB Mike Conaway
|
0-0: Foul Ball, location: 2F 0-1: Ball 1-1: Foul Ball, location: 2F 1-2: Foul Ball, location: 2F 1-2: Foul Ball, location: 2F 1-2: SINGLE (Flyball, 78S, EV 100.6 MPH) Ben Herman to third Addisu Nyamekye to second Runner from 3rd tries for Home, SAFE, throw by LF to home Addisu Nyamekye to third Mike Conaway to second
|
|
Pitching: LHP Ruben Rojas
|
|
|
Batting: RHB Enrique Valdez
|
0-0: Swinging Strike 0-1: Ball 1-1: Called Strike 1-2: Ball 2-2: Foul Ball, location: 2F 2-2: Strikes out looking
|
| Bottom of the 8th over - 1 run, 3 hits, 0 errors, 2 left on base; Tri-City 1 - Everett 4 |
| TOP OF THE 9TH |
|
Tri-City ValleyCats batting - Pitching for Everett AquaSox : RHP Rob Henry
|
|
Pitching: LHP Mitch Lewis
|
|
|
Batting: LHB Lou Toth
|
0-0: Ball 1-0: SINGLE (Groundball, 4S, EV 73.1 MPH) (infield hit)
|
|
Batting: RHB Nate Britton
|
0-0: Ball 1-0: Ball 2-0: Swinging Strike 2-1: Foul Ball, location: 2F 2-2: Grounds into double play, 6-4-3 (Groundball, 56, EV 98.1 MPH)
|
|
Batting: RHB Chris Miller
|
0-0: Called Strike 0-1: Swinging Strike 0-2: Ball 1-2: Foul Ball, location: 2F 1-2: Fly out, F8 (Flyball, 89S, EV 82.5 MPH)
|
| Top of the 9th over - 0 runs, 1 hit, 0 errors, 0 left on base; Tri-City 1 - Everett 4 |
|